 Dungeon Crawl Stone Soup version 0.29-a0-775-g4d7333d4e2 (webtiles) character file.

Game seed: 17906055639599547046

2825 Sabo the Cleaver (level 9, 0/102 HPs)
             Began as a Demonspawn Gladiator on July 1, 2022.
             Was a Priest of Dithmenos.
             Slain by a centaur warrior (2 damage)
             ... on level 8 of the Dungeon on July 2, 2022.
             The game lasted 00:48:46 (7922 turns).

Sabo the Cleaver (Demonspawn Gladiator)             Turns: 7922, Time: 00:48:47

Health: 0/102      AC: 10    Str: 17    XL:     9   Next: 45%
Magic:  9/9        EV: 14    Int: 14    God:    Dithmenos [***...]
Gold:   1033       SH:  0    Dex: 17    Spells: 8/8 levels left

rFire   . . .      SeeInvis .   a - +3 war axe (elec)
rCold   . . .      Faith    .   (no shield)
rNeg    . . .      Spirit   .   s - +0 leather armour of the Endless Wonders {Regen+ Int+5}
rPois   +          Reflect  .   c - +1 helmet
rElec   .          Harm     .   z - +2 cloak
rCorr   .          Rampage  .   (no gloves)
Will    .....                   E - +0 pair of boots
Stlth   ..........              I - amulet of the acrobat
HPRegen 1.07/turn               p - ring of poison resistance
MPRegen 0.11/turn               G - +4 ring of protection

@: brilliant, berserking, corroded, wreathed by umbra, very quick
A: demonic guardian 2, powered by death 1, demonic touch 1
a: Renounce Religion, Shadow Step


You were on level 8 of the Dungeon.
You worshipped Dithmenos.
Dithmenos was most pleased with you.
You visited 1 branch of the dungeon, and saw 8 of its levels.

You collected 1233 gold pieces.
You spent 200 gold pieces at shops.

Inventory:

Hand Weapons
 a - a +3 war axe of electrocution (weapon)
 f - a +2 short sword of electrocution
 t - a +2 shortbow of flaming
 x - a +2 vorpal hammer
 y - a +3 quarterstaff of chaos
 B - the +7 dagger of Moral Flaws {flame, rElec Dex+5}
   (You found it on level 6 of the Dungeon)

   It burns those it strikes, dealing additional fire damage.
   Dex:       It affects your dexterity (+5).
   rElec:     It insulates you from electricity.
Missiles
 d - 6 throwing nets
 e - 6 javelins
 i - 2 poisoned darts (quivered)
Armour
 c - a +1 helmet (worn)
 s - the +0 leather armour of the Endless Wonders (worn) {Regen+ Int+5}
   (You found it on level 2 of the Dungeon)

   Int:       It affects your intelligence (+5).
   Regen:     It increases your rate of health regeneration.
 z - a +2 cloak (worn)
 C - a scarf of resistance
 E - a +0 pair of boots (worn)
Jewellery
 p - a ring of poison resistance (left hand)
 G - a +4 ring of protection (right hand)
 I - an amulet of the acrobat (around neck)
Wands
 l - a wand of polymorph (25)
 M - a wand of digging (7)
 P - a wand of paralysis (11)
Scrolls
 h - a scroll of magic mapping
 k - a scroll of brand weapon
 v - 2 scrolls of silence
 A - 6 scrolls of teleportation
 D - a scroll of poison
Potions
 b - 2 potions of resistance {unknown}
 g - 4 potions of curing
 j - a potion of magic {unknown}
 m - a potion of mutation {unknown}
 n - a potion of flight {unknown}
 o - a potion of berserk rage
 q - a potion of haste {unknown}
 r - 2 potions of brilliance
 w - a potion of degeneration {unknown}
 J - a potion of attraction {unknown}
 L - a potion of cancellation {unknown}
 N - a potion of might {unknown}
 O - a potion of ambrosia {unknown}


   Skills:
 + Level 5.3 Fighting
 + Level 8.6 Axes
 + Level 2.0 Throwing
 + Level 4.2 Armour
 + Level 5.5 Dodging
 + Level 3.6 Stealth


You had 8 spell levels left.
You didn't know any spells.
Your spell library contained the following spells:

 Spells                   Type           Power      Damage    Failure   Level
 Apportation              Tloc           0%         N/A       34%         1
 Conjure Flame            Conj/Fire      0%         6-21      71%         3
 Ignite Poison            Fire/Tmut/Pois 0%         N/A       71%         3
 Sticky Flame             Conj/Fire      0%         2d3       98%         4
 Alistair's Intoxication  Tmut/Pois      0%         N/A       100%        5
 Blade Hands              Tmut           0%         N/A       100%        5
 Irradiate                Conj/Tmut      0%         3d13      100%        5
 Dragon Form              Tmut           0%         N/A       100%        7


Dungeon Overview and Level Annotations

Branches:
Dungeon (8/15)             Temple (0/1) D:6
   Lair: D:8-11

Altars:
Dithmenos
Okawaru
Qazlal
The Shining One

Shops:
D:2 (   D:3 ?

Annotations:
D:3 3 runed translucent doors, buhh's ghost, amateur OpTm


Innate Abilities, Weirdness & Mutations

A demonic guardian rushes to your aid.
You regenerate a little health from kills.
Your touch may inflict minor irresistible damage on your foes.


Message History

The centaur warrior unwields a +0 shortbow.
The centaur warrior barely misses you.
The centaur warrior kicks you but does no damage.
The centaur warrior hits you.
* * * LOW HITPOINT WARNING * * *
The centaur warrior closely misses you.
The centaur warrior hits you but does no damage.
The centaur warrior closely misses you.
You slash the centaur warrior!
The centaur warrior is lightly wounded.
You hit the centaur warrior. x2
The centaur warrior hits you but does no damage.
The centaur warrior barely misses you. The centaur warrior misses you. x2
The centaur warrior hits you.
* * * LOW HITPOINT WARNING * * *
The centaur warrior closely misses you.
The vampire mosquito bites you but does no damage.
You slash the vampire mosquito!
The vampire mosquito is heavily damaged.
You slash the centaur warrior! You barely miss the centaur warrior.
You slash the centaur warrior!
The centaur warrior hits you but does no damage.
The centaur warrior kicks you.
* * * LOW HITPOINT WARNING * * *
The centaur warrior misses you.
The centaur warrior kicks you but does no damage.
The centaur warrior closely misses you.
The centaur warrior kicks you but does no damage.
Your orange demon closely misses the deep elf pyromancer.
The vampire mosquito bites you but does no damage.
You completely miss the vampire mosquito.
Your touch misses the vampire mosquito.
The vampire mosquito is heavily damaged.
You slash the centaur warrior! x2
Lightning courses through the centaur warrior!!
You hit the centaur warrior. The centaur warrior closely misses you.
The centaur warrior kicks you but does no damage.
The centaur warrior hits you but does no damage.
The centaur warrior closely misses you. The centaur warrior hits you.
You die...

.#...e.. .......... #.#
.#...... .. ..
..#..##...##.# ........
... .. ..#.. ###.#...
........ .... #.
#.#####.#... ........
....##. #...##......
........ .......
#(...##..... .######.
..#....######........>..
.#
.....ucc..........####.)
.#
#.....y@................
.#
#.....c..[..............
.#
......4......(..........
..#.e.......#...........
? #.........#.........##
#.........#........
#.........#.#.....$
#........:#


You could see a white ugly thing, 3 centaur warriors, a deep elf pyromancer
(weak, ally target), a vampire mosquito and a friendly orange demon (summoned).

Vanquished Creatures
  Sigmund (D:3)
  Eustachio (D:6)
  A steam dragon (D:6)
  An acid dragon (D:8)
  3 water moccasins
  An ice beast (D:6)
  A sky beast (D:7)
  3 black bears
  2 ogres
  2 centaurs (D:7)
  A phantom (D:5)
  A bullfrog (D:7)
  3 scorpions
  A necrophage (D:7)
  5 killer bees (D:7)
  A howler monkey (D:5)
  A jelly (D:6)
  An orc priest (D:6)
  A bouda (D:4)
  An iguana (D:6)
  14 gnolls
  3 adders
  3 ufetubi
  A worm (D:2)
  A dart slug (D:5)
  8 orcs
  5 bats
  7 endoplasms
  5 giant cockroaches
  6 goblins
  11 hobgoblins
  9 jackals
  6 quokkas
  6 ball pythons
  5 frilled lizards
  10 kobolds
  3 rats
135 creatures vanquished.

Vanquished Creatures (collateral kills)
  A sky beast (D:7)
  A bouda (D:7)
  Crazy Yiuf (D:3)
  3 gnolls (D:7)
  An endoplasm (D:1)
7 creatures vanquished.

Vanquished Creatures (others)
  2 fungi (D:3)
2 creatures vanquished.

Grand Total: 144 creatures vanquished

Notes
Turn   | Place    | Note
-------+----------+-------------------------------------------
     0 | D:1      | Sabo the Demonspawn Gladiator began the quest for the Orb.
     0 | D:1      | Reached XP level 1. HP: 16/16 MP: 1/1
   274 | D:1      | Gained mutation: A weak demonic guardian rushes to your
                  | aid. [demonic ancestry]
   274 | D:1      | Reached XP level 2. HP: 20/22 MP: 2/2
   422 | D:1      | Reached skill level 3 in Axes
   823 | D:1      | Gained mutation: Your touch may inflict minor irresistible
                  | damage on your foes. [demonic ancestry]
   823 | D:1      | Reached XP level 3. HP: 27/27 MP: 3/3
  1768 | D:2      | Identified the +0 leather armour of the Endless Wonders
                  | {Regen+ Int+5}
  1807 | D:2      | Found a faded altar of an unknown god.
  1841 | D:2      | Prayed at the altar of an unknown god.
  1841 | D:2      | Became a worshipper of Dithmenos the Shadowed
  1841 | D:2      | Reached * piety under Dithmenos
  2083 | D:2      | Found Yshroawn's Antique Weapon Emporium.
  2392 | D:3      | Reached XP level 4. HP: 34/34 MP: 4/4
  2395 | D:3      | Reached skill level 1 in Armour
  2443 | D:3      | Found the +8 trishula "Condemnation" {holy, anguish, *Noise
                  | Fly rN+}
  2683 | D:3      | Noticed Sigmund
  2706 | D:3      | Killed Sigmund
  2707 | D:3      | Reached skill level 4 in Axes
  2707 | D:3      | Reached XP level 5. HP: 33/40 MP: 5/5
  2716 | D:3      | Found a runed translucent gate.
  2716 | D:3      | Found a runed translucent gate.
  2718 | D:3      | Noticed buhh's ghost (amateur OpTm)
  2725 | D:3      | Found a runed translucent gate.
  2842 | D:3      | Reached XP level 6. HP: 46/46 MP: 6/6
  2974 | D:3      | Found Putot's Magic Scroll Boutique.
  2982 | D:3      | Reached ** piety under Dithmenos
  3033 | D:3      | Found a runed translucent door.
  3034 | D:3      | Noticed Crazy Yiuf
  3041 | D:3      | Killed Crazy Yiuf
  3611 | D:3      | Bought a scroll of brand weapon for 200 gold pieces
  3633 | D:4      | Reached skill level 5 in Axes
  3773 | D:4      | You fall into a shaft and drop 2 floors!
  3813 | D:6      | Noticed a water moccasin
  3825 | D:6      | Killed a water moccasin
  3860 | D:6      | Identified the +7 dagger of Moral Flaws {flame, rElec
                  | Dex+5}
  3865 | D:6      | Gained mutation: You regenerate a little health from kills.
                  | [demonic ancestry]
  3865 | D:6      | Reached XP level 7. HP: 52/52 MP: 7/7
  3871 | D:6      | Reached skill level 1 in Stealth
  4007 | D:5      | Entered Level 5 of the Dungeon
  4120 | D:5      | Reached skill level 6 in Axes
  4957 | D:4      | Found a stormy altar of Qazlal.
  5541 | D:6      | Reached XP level 8. HP: 55/60 MP: 8/8
  5602 | D:6      | Found a staircase to the Ecumenical Temple.
  5796 | D:6      | Noticed Eustachio
  5807 | D:6      | Killed Eustachio
  5808 | D:6      | Reached skill level 7 in Axes
  6941 | D:7      | Reached skill level 5 in Dodging
  6943 | D:7      | Gained mutation: A demonic guardian rushes to your aid.
                  | [demonic ancestry]
  6943 | D:7      | Reached XP level 9. HP: 66/67 MP: 9/9
  6961 | D:7      | Reached skill level 8 in Axes
  6962 | D:7      | Reached skill level 5 in Fighting
  6973 | D:7      | Reached *** piety under Dithmenos
  7105 | D:7      | Found an iron altar of Okawaru.
  7717 | D:7      | Identified a scroll of acquirement
  7717 | D:7      | Acquired 885 gold pieces
  7903 | D:8      | Noticed a deep elf pyromancer
  7912 | D:8      | Noticed a centaur warrior
  7915 | D:8      | Noticed a centaur warrior
  7916 | D:8      | Noticed a white ugly thing
  7916 | D:8      | Noticed a centaur warrior
  7919 | D:8      | HP: 5/102 [centaur warrior (5)]
  7920 | D:8      | HP: 1/102 [centaur warrior (4)]
  7922 | D:8      | Slain by a centaur warrior

Illustrated notes

Levels and vault maps discovered:
D:1:      minmay_arrival_up_and_down, layout_loops_ring, minmay_pentomino_q4
D:2:      layout_basic, hellmonk_ecumenical_altar_arch_garden, serial_shops,
          shop, chequers_serial_rivers_small_b
D:3:      layout_loops_ring, gammafunk_ghost_nasty_kobolds, serial_shops,
          nicolae_shop_advertising_works [nicolae_subvault_shop_adworks],
          kennysheep_another_room, uniq_crazy_yiuf_cottage, uniq_sigmund
D:4:      layout_gridville, nicolae_qazlal_general_emergency,
          dreamdust_princess_corridor
D:5:      layout_loops_ring, minmay_holes, minivault_26
D:6:      layout_layer_cave, lemuel_coloured_pillars_altar,
          minmay_temple_entry_slanted, minmay_misc_feat_pillars,
          kennysheep_generic_room_15, uniq_eustachio
D:7:      layout_basic, okawaru_ov_weapons_minmay
D:8:      minmay_cut_squares, layout_cave_pools, nicolae_ashenzari_panopticon,
          uniq_gastronok

Skill      XL: |  1  2  3  4  5  6  7  8  9 |
---------------+----------------------------+-----
Dodging        | 3 4 5 |  5.5
Axes           | 3 4 5 6 7 8 |  8.6
Armour         | 1 2 3 4 |  4.2
Throwing       | 2 |  2.0
Fighting       | 3 4 5 |  5.3
Stealth        | 1 3 |  3.6

Action                   |  1- 3 |  4- 6 |  7- 9 || total
-------------------------+-------+-------+-------++-------
Melee: War axe           |    96 |    72 |   147 ||   315
       Touch             |    11 |    15 |    24 ||    50
       Punch             |       |     1 |     1 ||     2
Throw: Dart              |       |     3 |       ||     3
  Use: Scroll            |     3 |     4 |    10 ||    17
       Potion            |       |       |     4 ||     4
 Stab: Sleeping          |       |     1 |     3 ||     4
Armor: Leather armour    |    13 |    11 |    65 ||    89
       Ring mail         |    31 |       |       ||    31
Dodge: Dodged            |    67 |    92 |   151 ||   310

Table legend: (Time is in decaauts)
 A = Elapsed time spent in this place.
 B = Non-inter-level travel time spent in this place.
 C = Inter-level travel time spent in this place.
 D = Time resting spent in this place.
 E = Time spent auto-exploring this place.
 F = Levels seen in this place.
 G = Mean time per level.
                   A        B        C        D        E       F      G
               +--------+--------+--------+--------+--------+-----+--------+
         Total |   7992 |   7992 |      0 |   1048 |      0 |   8 |  999.0 |
       Dungeon |   7992 |   7992 |      0 |   1048 |      0 |   8 |  999.0 |
               +--------+--------+--------+--------+--------+-----+--------+

Top non-repeatable levels by time:
     D:6: 1434 daAuts
     D:1: 1335 daAuts
     D:4: 1201 daAuts
     D:2: 1076 daAuts
     D:3: 1053 daAuts
     D:7: 1004 daAuts
     D:5: 689 daAuts
     D:8: 197 daAuts
